AoeStats
← 终是欧阳失了偏旁,奈何慕容只剩顶

Nomad

507292135Analyzed
4v4 RM · 15d ago on Sep 17, 2026· 41m 26s· 8 players
Game mode
Random Map
Map size
231×231
Population
200
Speed
Normal
Resources
Standard
Victory
Conquest
Starting age
Dark Age
Ending age
Imperial Age
RankedLock teamsTeams togetherTeam positionsShared explorationLock speedFull tech treeHidden civsTurbo modeCheats
Victory
Defeat
🇨🇳 Persians · China
1351
+12
🇭🇰 Japanese · Hong Kong SAR China
1311
+14
🇨🇳 Dravidians · China
1197
+18
🇨🇴 Sicilians · Colombia
1304
-16
🇩🇪 Vietnamese · Germany
1268
-14
🇬🇷 Aztecs · Greece
1240
-13
🇨🇱 Teutons · Chile
1235
-13
T91Official
10:31 Loom
12:40 Feudal Age
13:07 Double-Bit Axe
18:20 Fletching
24:59 Castle Age
29:56 Castle Age
31:50 Wheelbarrow
31:33 Bow Saw
31:22 Horse Collar
pequeñobro
9:54 Loom
15:07 Feudal Age
18:56 Wheelbarrow
21:20 Town Watch
24:09 Castle Age
23:05 Fletching
23:55 Double-Bit Axe
Madeft
6:18 Loom
18:06 Feudal Age
23:08 Castle Age
22:34 Fishing Lines
25:03 Wheelbarrow
24:17 Double-Bit Axe
Tsunade
4:03 Loom
14:54 Feudal Age
16:01 Town Watch
16:02 Double-Bit Axe
18:58 Castle Age
17:09 Stone Mining
20:12 Bow Saw
19:44 Horse Collar
26:51 Wheelbarrow
26:51 Fletching
27:38 Hand Cart
32:31 Imperial Age
30:14 Bodkin Arrow
30:31 Fishing Lines
31:20 Padded Archer Armor
31:46 Ballistics
31:34 Heavy Plow
32:35 Leather Archer Armor
32:27 Thumb Ring
33:24 Bracer
34:26 Chemistry
34:27 Two-Man Saw
33:25 Murder Holes
34:32 Chemistry
35:00 Ring Archer Armor
xiaochenmalatang2
3:27 Loom
14:59 Feudal Age
20:40 Double-Bit Axe
22:09 Fishing Lines
22:44 Fletching
30:57 Castle Age
30:13 Town Watch
31:07 Padded Archer Armor
31:19 Stone Mining
31:20 Gold Mining
31:34 Bodkin Arrow
32:42 Crossbowman
33:28 Thumb Ring
33:40 Leather Archer Armor
35:13 Wheelbarrow
37:44 Bow Saw
40:00 Masonry
39:57 Town Patrol
40:13 Hand Cart
NOT TODAY
9:13 Loom
14:28 Feudal Age
15:05 Double-Bit Axe
19:19 Castle Age
18:57 Scale Mail Armor
19:08 Forging
只会种田
5:47 Loom
12:36 Feudal Age
18:32 Castle Age
18:16 Fletching
22:12 Double-Bit Axe
28:13 Horse Collar
30:41 Fishing Lines
31:33 Bow Saw
31:46 Gillnets
34:31 Wheelbarrow
33:54 Stone Mining
37:53 Imperial Age
37:17 Husbandry
37:28 Bloodlines
37:25 Scale Barding Armor
37:31 Forging
37:35 Cavalier
39:15 Chain Barding Armor
40:01 Iron Casting
40:14 Conscription
39:59 Gold Mining
40:50 Spies/Treason
42:13 Hand Cart
41:44 Town Watch
终是欧阳失了偏旁,奈何慕容只剩顶
4:45 Loom
12:57 Feudal Age
17:47 Castle Age
17:24 Double-Bit Axe
17:58 Gold Mining
19:08 Fletching
19:42 Bow Saw
22:19 Bodkin Arrow
22:21 Stone Mining
22:47 Bow Saw
29:19 Wheelbarrow
33:12 Horse Collar
33:43 Forging
34:08 Hand Cart
37:32 Imperial Age
36:57 Gold Shaft Mining
36:36 Town Watch
37:04 Padded Archer Armor
37:07 Heavy Plow
37:35 Thumb Ring
37:31 Husbandry
37:42 Bloodlines
38:43 Stone Shaft Mining
37:43 Spies/Treason
38:45 Conscription
39:40 Town Patrol
40:43 Chemistry
40:03 Ballistics
40:14 Parthian Tactics
40:07 Bracer
40:23 Leather Archer Armor
Connection lost

Rejoining the realm…

Still unreachable

The connection could not be restored.

Session expired

The server has moved on; the page needs a fresh start.